 Dungeon Crawl Stone Soup version 0.31-a0-424-g41b3b0883d (webtiles) character file.

Game seed: 15441799230965250272

910 Ethylacetat the Firebug (level 8, -9/46 HPs)
             Began as an Octopode Fire Elementalist on July 30, 2023.
             Mangled by Edmund
             ... wielding a +1 flail of venom
              (12 damage)
             ... on level 5 of the Dungeon.
             The game lasted 00:22:42 (3821 turns).

Ethylacetat the Firebug (OpFE)                      Turns: 3821, Time: 00:22:44

Health: -9/46      AC:  1    Str:  6 (7)  XL:     8   Next: 8%
Magic:  4/15       EV: 13    Int: 16 (19) God:
Gold:   155        SH:  0    Dex: 10 (13) Spells: 14/17 levels left

rFire   . . .        e - +4 whip (elec)
rCold   . . .        (no shield)
rNeg    . . .        (helmet restricted)
rPois   .            (no amulet)
rElec   .            (no ring)
rCorr   .            (no ring)
SInv    .            (no ring)
Will    .....        (no ring)
Stlth   +++          (no ring)
HPRegen 0.27/turn    (no ring)
MPRegen 0.14/turn    (no ring)
                     (no ring)

%: no passive effects
@: lethally poisoned (-9 -> -19)
A: almost no armour, amphibious, 8 rings, camouflage 1, gelatinous body 1,
(nimble swimmer 1), tentacles
a: no special abilities


You were on level 5 of the Dungeon.
You visited 2 branches of the dungeon, and saw 6 of its levels.

You collected 215 gold pieces.
You spent 60 gold pieces at shops.

Inventory:

Hand Weapons
 e - a +4 whip of electrocution (weapon)
Missiles
 g - 2 throwing nets
Wands
 d - a wand of iceblast (5)
 k - a wand of flame (18)
 m - a wand of paralysis (10)
Scrolls
 c - 4 scrolls of identify
 f - a scroll of fear
 h - 2 scrolls of teleportation
 j - 2 scrolls of amnesia
 l - a scroll of fog {unknown}
 n - a scroll of noise {unknown}
Potions
 a - a potion of magic
 b - 2 potions of enlightenment


   Skills:
 - Level 2.0 Dodging
 - Level 2.6 Stealth
 + Level 5.1 Spellcasting
 + Level 5.1 Conjurations
 + Level 5.9 Fire Magic


You had 14 spell levels left.
You knew the following spells:

 Your Spells              Type           Power      Damage    Failure   Level
a - Foxfire               Conj/Fire      84%        2x1d8     1%          1
b - Scorch                Fire           46%        2d6       1%          2

Your spell library contained the following spells:

 Spells                   Type           Power      Damage    Failure   Level
 Magic Dart               Conj           80%        1d7       1%          1
 Inner Flame              Hex/Fire       13%        N/A       13%         3
 Volatile Blastmotes      Fire/Tloc      26%        2d12      13%         3
 Stone Arrow              Conj/Erth      24%        3d8       16%         3
 Flame Wave               Conj/Fire      21%        2d8       16%         4
 Call Imp                 Summ           8%         N/A       22%         2
 Sublimation of Blood     Necr           4%         N/A       22%         2
 Wereblood                Tmut           4%         N/A       22%         2
 Mephitic Cloud           Conj/Pois/Air  9%         N/A       22%         3
 Fulminant Prism          Conj/Hex       6%         3d7       45%         4
 Iskenderun's Mystic Bla  Conj/Tloc      12%        2d5       45%         4
 Summon Hydra             Summ           2%         N/A       100%        7
 Lehudib's Crystal Spear  Conj/Erth      6%         10d3      100%        8
 Animate Armour           Summ/Erth      Unusable   N/A       N/A         4

Dungeon Overview and Level Annotations

Branches:
Dungeon (5/15)             Temple (1/1) D:4

Altars:
Cheibriados
Dithmenos
Fedhas
Gozag
Hepliaklqana
Kikubaaqudgha
Makhleb
Okawaru
Qazlal
Ru
Sif Muna
Trog
Uskayaw
Xom
Yredelemnul
Zin

Shops:
D:1 [   D:2 ?

Annotations:
D:3 3 runed translucent doors, blacky4's ghost, amateur DjFE
D:5 Dowan; Edmund


Innate Abilities, Weirdness & Mutations

You cannot wear most types of armour.
You are amphibious.
You can wear up to eight rings at the same time.
Your skin changes colour to match your surroundings (Stealth+).
Your rubbery body absorbs attacks. (AC +1, EV +1)
((You are camouflaged when in or above water. (Stealth+)))
You have tentacles for arms and can constrict up to eight enemies at once.


Message History

The ufetubus moves out of view.
You feel your strength returning.
Your Spellcasting skill increases to level 5!
Your Conjurations skill increases to level 5!
You have reached level 8!
Casting: Scorch (safe; 1% risk of failure)
Confirm with . or Enter, or press ? or * to list all spells.
Flames lash Edmund.
Edmund is severely wounded.
Edmund's fire resistance burns away.
Edmund hits you with a +1 flail of venom!
Unknown command.
Casting: Scorch (safe; 1% risk of failure)
Confirm with . or Enter, or press ? or * to list all spells.
Flames lash something.
Edmund hits you with a +1 flail of venom!
You are poisoned.
Unknown command.
Casting: Scorch (safe; 1% risk of failure)
Confirm with . or Enter, or press ? or * to list all spells.
Flames lash Edmund.
Edmund is burned terribly!
Edmund is almost dead.
You feel very sick.
Edmund hits you with a +1 flail of venom!
You are more poisoned.
Casting: Scorch (safe; 1% risk of failure)
Confirm with . or Enter, or press ? or * to list all spells.
Flames lash something.
You feel very sick.
Edmund hits you with a +1 flail of venom!
* * * LOW HITPOINT WARNING * * *
Unknown command.
Okay, then.
You barely miss Edmund. You grab Edmund. You squeeze Edmund.
Edmund is almost dead.
You constrict Edmund, but do no damage.
* * * LOW HITPOINT WARNING * * *
You feel very sick.
Edmund hits you with a +1 flail of venom!
You die...

#..........................
######.#................#.#
#.###..............#..
#..##..............#..
##...#............##.#
###.##..........###.#
#.###..#.###### #.#
#..###...# #.. ##@# ##...
### #@# .##. # #{# #. #####
#5# #.####.... .o.
#..#...### ).. #...### #
.). #####..## # .....
.........#### .#######....#


You could see Edmund (combustible), an orc and an ufetubus.

Vanquished Creatures
  Eustachio (D:5)
  Duvessa (D:5)
  2 black bears
  A bullfrog (D:4)
  4 orc priests
  Jessica (D:3)
  Terence (D:1)
  An orc wizard (D:3)
  5 adders
  8 gnolls
  3 adder skeletons (D:2)
  2 dart slugs
  2 worms (D:3)
  7 orcs
  A bat skeleton (D:2)
  4 endoplasms
  2 giant cockroaches
  2 goblins
  8 hobgoblins
  11 jackals
  2 quokkas
  7 ball pythons
  2 bats
  6 frilled lizards
  2 giant cockroach zombies (D:2)
  5 kobolds
  9 rats
100 creatures vanquished.

Vanquished Creatures (others)
  64 foxfires
64 creatures vanquished.

Grand Total: 164 creatures vanquished

Notes
Turn   | Place    | Note
-------+----------+-------------------------------------------
     0 | D:1      | Ethylacetat the Octopode Fire Elementalist began the quest
                  | for the Orb.
     0 | D:1      | Reached XP level 1. HP: 11/11 MP: 3/3
   182 | D:1      | Reached XP level 2. HP: 12/17 MP: 1/5
   361 | D:1      | Found Juyluagg's Antique Armour Emporium.
   405 | D:1      | Reached XP level 3. HP: 18/21 MP: 6/6
   816 | D:1      | Learned a level 2 spell: Scorch
   966 | D:2      | Noticed Terence
  1011 | D:1      | Killed Terence
  1012 | D:1      | Reached XP level 4. HP: 11/27 MP: 0/8
  1488 | D:2      | Reached XP level 5. HP: 31/31 MP: 6/9
  1633 | D:2      | Found Uskufot's Magic Scroll Shoppe.
  1642 | D:2      | Bought a scroll of fear for 40 gold pieces
  1642 | D:2      | Bought a scroll of identify for 20 gold pieces
  2170 | D:3      | Found a runed translucent gate.
  2171 | D:3      | Found a runed translucent gate.
  2173 | D:3      | Noticed blacky4's ghost (amateur DjFE)
  2289 | D:3      | Found a runed translucent gate.
  2396 | D:3      | Noticed Jessica
  2399 | D:3      | Killed Jessica
  2400 | D:3      | Reached XP level 6. HP: 36/36 MP: 8/11
  3007 | D:4      | Found a hazy altar of Hepliaklqana.
  3210 | D:4      | Found a staircase to the Ecumenical Temple.
  3210 | D:4      | Noticed a black bear
  3214 | D:4      | Killed a black bear
  3221 | Temple   | Entered the Ecumenical Temple
  3472 | D:5      | Entered Level 5 of the Dungeon
  3472 | D:5      | Noticed Duvessa
  3472 | D:5      | Noticed Dowan
  3480 | D:4      | Reached XP level 7. HP: 29/41 MP: 13/13
  3482 | D:4      | Reached skill level 5 in Fire Magic
  3661 | D:5      | Killed Duvessa
  3662 | D:5      | HP: 1/41 [Dowan/+0 dagger (2)]
  3721 | D:5      | Identified the +1 ring mail of Okawaru's Hope {+Inv Regen+
                  | Str+4 SInv}
  3810 | D:5      | Noticed Edmund
  3810 | D:5      | Noticed Eustachio
  3816 | D:5      | Killed Eustachio
  3817 | D:5      | Reached skill level 5 in Spellcasting
  3817 | D:5      | Reached skill level 5 in Conjurations
  3817 | D:5      | Reached XP level 8. HP: 46/46 MP: 12/15
  3821 | D:5      | Mangled by Edmund

Illustrated notes

Levels and vault maps discovered:
D:1:      minmay_arrival_stone_box, layout_loops_ring, serial_glass,
          glass_columns_a, glass_columns_b, serial_shops, shop,
          hangedman_decor_growths
D:2:      minmay_recursive_quarters, layout_basic, serial_shops, shop,
          serial_undead, serial_undead_c, serial_undead_e, serial_undead_d,
          serial_undead_a, uniq_terence
D:3:      layout_basic, gammafunk_ghost_split, corexii_shack, glass_columns_a,
          uniq_jessica
D:4:      layout_loops_ring, nicolae_hepliaklqana_hippocampus,
          minmay_temple_entry_fiery
D:5:      layout_rooms, minmay_misc_feat_x, chequers_serial_rivers_micro_c,
          uniq_edmund, uniq_duvessa, uniq_eustachio
Temple:   regret_index_temple_generic_petals

Skill      XL: |  1  2  3  4  5  6  7 |
---------------+----------------------+-----
Conjurations   | 2 3 4 5 |  5.1
Spellcasting   | 3 4 5 |  5.1
Fire Magic     | 4 5 |  5.9
Dodging        | |  2.0
Stealth        | |  2.6

Action                     |  1- 3 |  4- 6 |  7- 9 || total
---------------------------+-------+-------+-------++-------
  Melee: Unarmed           |    85 |     5 |       ||    90
         Tentacles         |    21 |    15 |     3 ||    39
         Constrict         |    22 |    21 |     2 ||    45
         Hand axe          |       |    32 |       ||    32
         Whip              |       |    54 |     6 ||    60
   Cast: Foxfire           |    10 |    23 |     3 ||    36
         Scorch            |     3 |     7 |    10 ||    20
  Evoke: Wand              |       |     1 |     5 ||     6
    Use: Scroll            |       |     5 |     1 ||     6
         Potion            |       |       |     3 ||     3
   Stab: Sleeping          |     6 |    12 |       ||    18
 Armour: Skin              |     8 |    10 |       ||    18
  Dodge: Dodged            |    74 |    76 |     4 ||   154

Table legend: (Time is in decaauts)
 A = Elapsed time spent in this place.
 B = Non-inter-level travel time spent in this place.
 C = Inter-level travel time spent in this place.
 D = Time resting spent in this place.
 E = Time spent auto-exploring this place.
 F = Levels seen in this place.
 G = Mean time per level.
                   A        B        C        D        E       F      G
               +--------+--------+--------+--------+--------+-----+--------+
         Total |   3836 |   3720 |    116 |      0 |   2491 |   6 |  639.3 |
       Dungeon |   3763 |   3647 |    116 |      0 |   2491 |   5 |  752.6 |
        Temple |     72 |     72 |      0 |      0 |      0 |   1 |   72.0 |
               +--------+--------+--------+--------+--------+-----+--------+

Top non-repeatable levels by time:
     D:1: 1055 daAuts
     D:4: 865 daAuts
     D:2: 836 daAuts
     D:3: 697 daAuts
     D:5: 308 daAuts
  Temple: 72 daAuts
